 Dungeon Crawl Stone Soup version 0.17.2-1-ge4368a0 (webtiles) character file.

94 rlgrobin the Cutter (level 4, 0/26 HPs)
             Began as a Kobold Gladiator on Apr 20, 2017.
             Slain by an orc (4 damage)
             ... on level 2 of the Dungeon.
             The game lasted 00:03:17 (2645 turns).

rlgrobin the Cutter (Kobold Gladiator)              Turns: 2645, Time: 00:03:17

Health: 0/26       AC:  7    Str: 13    XL:     4   Next: 94%
Magic:  4/4        EV: 14    Int:  7    God:
Gold:   167        SH:  0    Dex: 16    Spells: 0 memorised, 3 levels left

rFire  . . .     SeeInvis .     a - +0 rapier
rCold  . . .     Clarity  .     k - +0 ring mail
rNeg   + . .     SustAt   +     (shield restricted)
rPois  .         Gourm    .     c - +0 helmet
rElec  .         Spirit   .     j - +0 cloak
rCorr  .         Warding  .     (no gloves)
rMut   .         Stasis   .     (no boots)
MR     .....                    (no amulet)
Stlth  +.........               l - ring of positive energy
                                m - ring of sustain attributes

@: not resistant to hostile enchantments, very unstealthy
A: carnivore 3
a: no special abilities


You were on level 2 of the Dungeon.
You were not hungry.

You visited 1 branch of the dungeon, and saw 3 of its levels.

You collected 167 gold pieces.


Innate Abilities, Weirdness & Mutations

You are small and have problems with some larger weapons.
You are carnivorous and can eat meat at any time.


   Skills:
 - Level 2.1 Fighting
 + Level 6.9 Short Blades
 - Level 2.1 Throwing
 - Level 3.6 Dodging


You had 3 spell levels left.
You didn't know any spells.

Inventory:

Hand Weapons
 a - a +0 rapier (weapon)
Missiles
 d - 3 throwing nets {=f}
Armour
 b - a +0 leather armour
 c - a +0 helmet (worn)
 j - a +0 cloak (worn)
 k - a +0 ring mail (worn)
Jewellery
 l - a ring of positive energy (right hand)
 m - a ring of sustain attributes (left hand)
Scrolls
 f - a scroll of enchant armour {unknown}
 g - 4 scrolls of identify {unknown}
 h - 4 scrolls of teleportation {unknown}
 i - a scroll of remove curse {unknown}
Comestibles
 e - 2 meat rations

Dungeon Overview and Level Annotations

Branches:
Dungeon (3/15)

Altars:

▒..[..▒.▒▒▒▒▒.....▒ ▒......
▒▒'▒▒.▒.▒.........▒ ▒......
▒.▒▒.▒.▒.......▒▒▒ ▒▒▒....
▒.▒▒.▒.▒.......▒▒▒▒▒ ▒...÷
▒.▒▒.▒.............▒ ▒....
▒▒▒'▒▒'▒▒▒▒▒▒........▒ ▒....
▒.......▒ ▒.▒▒.....▒ ▒....
▒.......▒▒▒▒▒.▒▒▒▒▒▒▒▒▒▒....
▒..>......oKr...(...........
▒▒▒▒▒▒▒▒▒▒▒▒▒.▒▒▒▒▒▒▒▒▒▒▒▒▒▒
▒.▒ ▒ ▒.▒ ▒ ▒.▒ ▒▒▒▒'▒▒▒
▒......▒ ▒.▒....▒ ▒.▒....▒


You could see an orc and a rat.


Message History

The orc priest mumbles some strange prayers to Beogh against you!
Something smites you!!! * * * don't die
* * * The quokka moves out of view!
You take 12 damage, and have 12/26 hp!
MASSIVE DAMAGE!!!!!!
There is a stone staircase leading up here!
You swing at nothing!
You swing at nothing!
The orc priest calls down the wrath of Beogh upon you!
Something smites you!!! * * * don't die
* * * You take 11 damage, and have 2/26 hp!
MASSIVE DAMAGE!!!!!!
You spit the orc like a pig!
The orc is heavily wounded!
The orc hits you but does no damage! The orc hits you but does no damage!
You climb upwards!
There is a stone staircase leading down here!
A rat comes into view!
The rat closely misses you!
You perforate the orc but do no damage!
The orc is moderately wounded!
The rat closely misses you!
You spit the orc but do no damage!
The orc is moderately wounded!
The orc barely misses you!
You stick the orc but do no damage!
The orc is moderately wounded!
The rat barely misses you! The orc hits you! rip

Action                   |  1- 3 |  4- 6 || total
-------------------------+-------+-------++-------
Melee: Rapier            |   126 |   121 ||   247
 Stab: Sleeping          |     1 |       ||     1
  Eat: Chunk             |     4 |     3 ||     7

Vault maps used:
D:1:      shiori_arrival_whats_in_store_for_you
D:2:      ecumenical_altar_1

Notes
Turn   | Place    | Note
--------------------------------------------------------------
     0 | D:1      | rlgrobin the Kobold Gladiator began the quest for the Orb.
     0 | D:1      | Reached XP level 1. HP: 12/12 MP: 1/1
     0 | D:1      | Noticed an octopode
     0 | D:1      | Noticed a naga
     2 | D:1      | Noticed an ogre
     4 | D:1      | Noticed a vine stalker
     5 | D:1      | Noticed a vampire
     6 | D:1      | Noticed an octopode
     7 | D:1      | Noticed a human
     8 | D:1      | Noticed a gargoyle
    10 | D:1      | Noticed a troll
    12 | D:1      | Noticed a formicid
    14 | D:1      | Noticed a spriggan
    14 | D:1      | Noticed a vine stalker
    14 | D:1      | Noticed an ogre
    16 | D:1      | Noticed a minotaur
    16 | D:1      | Noticed a spriggan
    86 | D:1      | Reached XP level 2. HP: 5/17 MP: 2/2
   581 | D:1      | Reached skill level 5 in Short Blades
   762 | D:1      | Reached XP level 3. HP: 19/21 MP: 3/3
  1261 | D:2      | Reached skill level 6 in Short Blades
  1353 | D:2      | Reached XP level 4. HP: 26/26 MP: 4/4
  1691 | D:2      | Found a faded altar to an unknown god.
  2631 | D:3      | HP: 2/26 [orc priest/divine providence (11)]
  2645 | D:2      | Slain by an orc

Vanquished Creatures
  An adder (D:3)
  An ooze (D:1)
  4 worms
  3 giant geckos
  An orc (D:3)
  3 bats
  2 giant cockroaches
  4 goblins
  8 hobgoblins
  12 jackals
  A quokka (D:2)
  3 ball pythons
  3 giant newts
  7 kobolds
  6 rats (D:1)
59 creatures vanquished.
